 Dungeon Crawl Stone Soup version 0.17-a0-155-g14e20c2 (webtiles) character file.

179 Tabbe the Magician (level 5, -1/31 HPs)
             Began as an Octopode Wizard on Mar 25, 2015.
             Slain by an orc wizard
             ... wielding a +0 dagger
              (3 damage)
             ... on level 3 of the Dungeon.
             The game lasted 00:05:32 (2655 turns).

Tabbe the Magician (Octopode Wizard)                Turns: 2655, Time: 00:05:33

Health: -1/31      AC:  1    Str:  7    XL:     5   Next: 59%
Magic:  7/13       EV: 12    Int: 21    God:
Gold:   97         SH:  0    Dex: 10    Spells: 5 memorised, 3 levels left

rFire  + . .     SeeInvis .     g - +2 dagger (venom)
rCold  x . .     Clarity  .     (no shield)
rNeg   . . .     SustAb   +     b - +0 hat
rPois  .         Gourm    .     (no amulet)
rElec  .         Spirit   .     m - ring of fire
rCorr  .         Warding  .     s - ring of wizardry
rMut   .         Stasis   .     w - ring of sustain abilities
MR     .....                    (no ring)
Stlth  +++.......               (no ring)
                                (no ring)
                                (no ring)
                                (no ring)

@: lethally poisoned (-1 -> -10), not resistant to hostile enchantments, fairly
stealthy
A: almost no armour, amphibious, 8 rings, constrict 8, camouflage 1, gelatinous
body 1
a: no special abilities


You were on level 3 of the Dungeon.
You were not hungry.

You visited 1 branch of the dungeon, and saw 3 of its levels.

You collected 97 gold pieces.

Inventory:

Hand weapons
 g - a +2 dagger of venom (weapon)
 v - a +0 flail of protection
Missiles
 x - 17 poisoned needles
Armour
 b - a +0 hat (worn)
Jewellery
 m - a ring of fire (left tentacle)
 s - a ring of wizardry (right tentacle)
 w - a ring of sustain abilities (on tentacle)
Scrolls
 a - a scroll of amnesia {unknown}
 e - 3 scrolls of teleportation {unknown}
 f - 2 scrolls of enchant armour {unknown}
 h - a scroll of fear {unknown}
 j - a scroll of identify {unknown}
 l - 2 scrolls of remove curse {unknown}
 p - a scroll of enchant weapon {unknown}
 r - a scroll of fog {unknown}
Potions
 t - a potion of agility {unknown}
 z - a potion of lignification {unknown}
Books
 c - a book of Minor Magic

   Spells                             Type                      Level
   a - Magic Dart                     Conjuration                  1
   b - Blink                          Translocation                2
   c - Call Imp                       Summoning                    2
   d - Repel Missiles                 Charms/Air                   2
   e - Slow                           Hexes                        2
   f - Conjure Flame                  Conjuration/Fire             3
   g - Mephitic Cloud                 Conjuration/Poison/Air       3
Comestibles
 d - 2 bread rations
 i - 3 fruits
 n - a slice of pizza
 u - 2 chunks of flesh


   Skills:
 - Level 2.0 Dodging
 - Level 2.6 Stealth
 + Level 4.3 Spellcasting
 + Level 3.9 Conjurations
 - Level 1.0 Summonings
 - Level 1.0 Translocations


You had 3 spell levels left.
You knew the following spells:

 Your Spells              Type           Power        Failure   Level  Hunger
a - Magic Dart            Conj           ###.         1%          1    None
b - Blink                 Tloc           N/A          4%          2    #......
c - Call Imp              Summ           #.......     4%          2    #......
d - Repel Missiles        Chrm/Air       #.....       7%          2    #......
e - Slow                  Hex            #.......     7%          2    #......


Dungeon Overview and Level Annotations

Branches:
Dungeon (3/15)

Altars:
Cheibriados
Dithmenos


Innate Abilities, Weirdness & Mutations

You cannot wear most types of armour.
You are amphibious.
You can wear up to eight rings at the same time.
You can use your tentacles to constrict many enemies at once.
Your skin changes colour to match your surroundings (Stealth).
Your rubbery body absorbs attacks (AC +1).


Message History

It was a potion of poison.
That liquid tasted very nasty...
You are lethally poisoned!
* * * LOW HITPOINT WARNING * * *
You feel sick. Something barely misses you.
Drink which item? (? for menu, Esc to quit)
It was a potion of invisibility.
You fade into invisibility!
* * * LOW HITPOINT WARNING * * *
You feel sick. Something hits you but does no damage.
Something hits you but does no damage.
Drink which item? (? for menu, Esc to quit)
It was a potion of cancellation.
Your magical effects are unravelling.
Your magical contamination has completely faded away.
You feel magically purged.
You flicker back into view.
* * * LOW HITPOINT WARNING * * *
You feel sick. Something hits you.
You die...

#.).........#.+....'...
#.#.###########....####
#.#.##5).o.# ######
#.#.##o###)#
##.#.#....#.#
#..#....#.#.#
#)####<##.#o#
#)#######5#.#
#......@..#o.
#############


You could see a friendly crimson imp.

Vanquished Creatures
  4 gnolls (D:3)
  2 adders
  A giant mite (D:2)
  2 giant geckos
  An ooze (D:2)
  8 orcs
  A bat skeleton (D:3)
  A giant cockroach (D:1)
  11 goblins
  15 hobgoblins
  7 jackals
  9 kobolds
  A quokka (D:3)
  A ball python (D:1)
  7 bats
  2 giant newts
  6 rats
79 creatures vanquished.

Vanquished Creatures (collateral kills)
  An orc priest (D:3)
  An orc (D:3)
2 creatures vanquished.

Grand Total: 81 creatures vanquished

Notes
Turn   | Place    | Note
--------------------------------------------------------------
     0 | D:1      | Tabbe, the Octopode Wizard, began the quest for the Orb.
     0 | D:1      | Reached XP level 1. HP: 11/11 MP: 4/4
   374 | D:1      | Reached XP level 2. HP: 13/17 MP: 0/6
   451 | D:1      | Found a snail-covered altar of Cheibriados.
   824 | D:1      | Reached XP level 3. HP: 21/21 MP: 0/8
  1448 | D:2      | Found a shadowy altar of Dithmenos.
  1570 | D:2      | Learned a level 2 spell: Blink
  1573 | D:2      | Learned a level 2 spell: Call Imp
  1576 | D:2      | Learned a level 2 spell: Repel Missiles
  1579 | D:2      | Learned a level 2 spell: Slow
  1585 | D:2      | Reached XP level 4. HP: 27/27 MP: 10/10
  2067 | D:3      | Reached skill level 4 in Spellcasting
  2078 | D:3      | Reached XP level 5. HP: 13/31 MP: 7/13
  2655 | D:3      | Slain by an orc wizard

Action                   |  1- 3 |  4- 6 || total
-------------------------+-------+-------++-------
Melee: Unarmed           |     5 |       ||     5
       Dagger            |    27 |    45 ||    72
 Cast: Magic Dart        |    74 |    50 ||   124
       Blink             |       |     2 ||     2
       Repel Missiles    |       |     1 ||     1
       Call Imp          |       |     3 ||     3
  Use: Potion            |       |     3 ||     3
 Stab: Sleeping          |     1 |     1 ||     2
  Eat: Chunk             |     1 |     4 ||     5
